 Dungeon Crawl Stone Soup version 0.20.1-1-g8b1a95d (webtiles) character file.

9277 equalderp2856 the Cleaver (level 11, -3/94 HPs)
             Began as a Minotaur Fighter on Oct 23, 2017.
             Slain by a ghost moth (7 damage)
             ... on level 1 of the Abyss.
             The game lasted 00:25:26 (10740 turns).

equalderp2856 the Cleaver (Minotaur Fighter)       Turns: 10740, Time: 00:25:26

Health: -3/94      AC: 21    Str: 20    XL:     11   Next: 20%
Magic:  0/22       EV:  5    Int:  6    God:
Gold:   576        SH: 17    Dex: 13    Spells: 12/14 levels left

rFire    . . .     SeeInvis .   a - +0 war axe
rCold    . . .     Gourm    +   v - +0 large shield
rNeg     . . .     Faith    .   O - +0 plate armour
rPois    .         Spirit   .   T - +2 hat
rElec    .         Reflect  .   y - +0 cloak
rCorr    .         Harm     .   (no gloves)
MR       .....                  (no boots)
Stlth    ..........             Y - amulet of the gourmand
Regen    0.0/turn               E - +4 ring of protection
MPRegen  0.2/turn               o - ring of magical power (curse)

@: lethally poisoned (-3 -> -70), about to teleport, non-regenerating, diseased,
hasted (expiring), very quick
A: retaliatory headbutt, horns 2
a: no special abilities


You were on level 1 of the Abyss.
You were hungry.

You visited 1 branch of the dungeon, and saw 11 of its levels.
You visited the Abyss 1 time.

You collected 576 gold pieces.

Inventory:

Hand Weapons
 a - a +0 war axe (weapon)
 G - the +6 arbalest "Damnation" {damnation}
   (You found it on level 5 of the Dungeon)
 K - a +2 battleaxe of chopping
 U - a +0 trident
 Z - a +4 war axe of freezing
Missiles
 H - 41 bolts
Armour
 b - a +0 scale mail
 c - a +0 shield
 v - a +0 large shield (worn)
 y - a +0 cloak (worn)
 O - a +0 plate armour (worn)
 T - a +2 hat (worn)
Jewellery
 h - an uncursed ring of fire
 o - a cursed ring of magical power (right hand)
 D - an uncursed ring of stealth
 E - a +4 ring of protection (left hand)
 Y - an amulet of the gourmand (around neck)
Wands
 u - a wand of paralysis (0/24)
 x - a wand of flame (0/48)
 M - a wand of polymorph (14/24)
Scrolls
 e - a scroll of recharging {unknown}
 g - a scroll of enchant armour {unknown}
 i - 5 scrolls of remove curse
 j - 2 scrolls of enchant weapon
 k - 4 scrolls of identify
 l - 2 scrolls of immolation {unknown}
 p - 2 scrolls of random uselessness {unknown}
 r - 4 scrolls of amnesia {unknown}
 w - 5 scrolls of teleportation
 A - 2 scrolls of magic mapping {unknown}
 I - a scroll of vulnerability {unknown}
 J - a scroll of fear {unknown}
 P - a scroll of noise {unknown}
 W - a scroll of summoning {unknown}
Potions
 d - 3 potions of might
 m - a potion of berserk rage
 n - 2 potions of lignification
 s - 3 potions of agility
 t - a potion of flight
 B - 2 potions of mutation
 L - 3 potions of degeneration
Books
 q - a book of Misfortune

   Spells                             Type                      Level
   a - Confusing Touch                Hexes                        1
   b - Confuse                        Hexes                        3
   c - Gell's Gravitas                Translocation                3
   d - Petrify                        Transmutation/Earth          4
   e - Metabolic Englaciation         Hexes/Ice                    5
   f - Yara's Violent Unravelling     Hexes/Transmutation          5
 Q - a book of Air

   Spells                             Type                      Level
   a - Shock                          Conjuration/Air              1
   b - Swiftness                      Charms/Air                   2
   c - Static Discharge               Conjuration/Air              3
   d - Airstrike                      Air                          4
   e - Lightning Bolt                 Conjuration/Air              5
 V - a book of Cantrips

   Spells                             Type                      Level
   a - Confusing Touch                Hexes                        1
   b - Animate Skeleton               Necromancy                   1
   c - Summon Small Mammal            Summoning                    1
   d - Apportation                    Translocation                1
Comestibles
 f - 8 bread rations
 C - a royal jelly
 F - 2 meat rations


   Skills:
 + Level 8.0 Fighting
 + Level 12.2 Axes
 + Level 1.4(8.1) Polearms
 + Level 9.6 Armour
 + Level 4.5 Dodging
 + Level 1.5 Stealth
 + Level 9.6 Shields
 * Level 2.4 Spellcasting
 * Level 2.5 Charms
 + Level 1.2 Evocations


You had 12 spell levels left.
You knew the following spells:

 Your Spells              Type           Power        Failure   Level  Hunger
a - Swiftness             Chrm/Air       #.......     100%        2    ###....


Dungeon Overview and Level Annotations

Branches:
Dungeon (11/15)            Temple (0/1) D:5
   Lair: D:8-11         Orc: D:9-12

Altars:
Elyvilon
Gozag
Kikubaaqudgha
Okawaru
Uskayaw
Xom

Shops:
D:2 *   D:5 :

Annotations:
D:10 1 transporter, Erolcha; Jazqa's ghost, journeyman MiBe
D:11 Nergalle


Innate Abilities, Weirdness & Mutations

You reflexively headbutt those who attack you in melee.
You have a pair of horns on your head.


Message History

You feel you are being watched by something.
Something hits you but does no damage. x2; Something stings you.
* * * LOW HITPOINT WARNING * * *
You are lethally poisoned!
Something poisons you!
Unknown command.
Okay, then.
You miss something. Your headbutt misses something.
* * * LOW HITPOINT WARNING * * *
You feel very sick.
You feel you are being watched by something.
You feel your power leaking away.
Something hits you but does no damage. x2
Something stings you but does no damage.
You slash something! Your headbutt misses something.
* * * LOW HITPOINT WARNING * * *
You feel very sick. You block something's attack.
Something hits you but does no damage. Something stings you!
You die...

.......X... ...
# ..........
....#
#......##......#
#..... #.. ...#
###### ##.#.X#
.. #..# ...
.##X# . ... .#.#
..... #@# ....
###


You could see 2 large abominations.

Vanquished Creatures
  A hydra (D:11)
  3 two-headed ogres
  An ugly thing (D:11)
  Joseph (D:7)
  An orange demon (Abyss:1)
  A hornet (D:8)
  A hippogriff (D:8)
  A shadow (D:11)
  A wyvern (D:8)
  A wraith (D:11)
  Menkaure (D:7)
  2 water moccasins
  5 orc warriors
  A small abomination (Abyss:1)
  An eye of draining (D:11)
  2 ice beasts
  3 sky beasts
  5 ogres
  2 phantoms
  2 black bears (D:6)
  5 centaurs
  2 big kobolds (D:6)
  4 bullfrogs
  A water moccasin skeleton (D:6)
  4 scorpions
  3 wights (D:9)
  6 howler monkeys
  3 crimson imps
  A centaur zombie (D:4)
  3 jellies
  A bullfrog zombie (D:9)
  Crazy Yiuf (D:3)
  2 hounds
  9 orc wizards
  3 orc priests
  A bullfrog skeleton (D:4)
  A centaur skeleton (D:8)
  3 iguanas
  Ijyb (D:3)
  Terence (D:3)
  Natasha (twice) (D:3)
  7 worker ants
  A hound zombie (D:8)
  A hound skeleton (D:4)
  2 worker ant zombies (D:8)
  A gnoll (D:7)
  A howler monkey skeleton (D:8)
  8 adders
  2 shadow imps
  An ooze (D:2)
  An adder zombie (D:7)
  4 dart slugs
  5 leopard geckos
  23 orcs
  10 bats
  2 giant cockroaches
  9 goblins
  7 hobgoblins
  7 jackals
  14 kobolds
  7 quokkas
  2 ball pythons (D:3)
  4 frilled lizards
  2 leopard gecko skeletons (D:4)
  11 rats
225 creatures vanquished.

Vanquished Creatures (others)
  A plant (D:11)
1 creature vanquished.

Grand Total: 226 creatures vanquished

Notes
Turn   | Place    | Note
-------+----------+-------------------------------------------
     0 | D:1      | equalderp2856 the Minotaur Fighter began the quest for the Orb.
     0 | D:1      | Reached XP level 1. HP: 19/19 MP: 0/0
    27 | D:1      | Reached XP level 2. HP: 27/27 MP: 1/1
   451 | D:1      | Reached XP level 3. HP: 27/33 MP: 2/2
   639 | D:2      | Reached skill level 3 in Axes
   805 | D:2      | Found Gozag's Platinum Reserve.
   871 | D:2      | Reached XP level 4. HP: 40/40 MP: 3/3
   873 | D:2      | Found an opulent altar of Gozag.
  1273 | D:3      | Found an ancient bone altar of Kikubaaqudgha.
  1362 | D:3      | Noticed Terence
  1364 | D:3      | Noticed Natasha
  1371 | D:3      | Killed Natasha
  1371 | D:3      | Reached skill level 1 in Dodging
  1384 | D:3      | Killed Terence
  1384 | D:3      | Reached XP level 5. HP: 43/46 MP: 4/4
  1567 | D:3      | Noticed Ijyb
  1569 | D:3      | Paralysed by Ijyb for 7 turns
  1580 | D:3      | Paralysed by Ijyb for 5 turns
  1588 | D:3      | Paralysed by Ijyb for 2 turns
  1591 | D:3      | Killed Ijyb
  1591 | D:3      | Reached skill level 5 in Shields
  1787 | D:3      | Found a runed door.
  1791 | D:3      | Noticed Crazy Yiuf
  1799 | D:3      | Killed Crazy Yiuf
  1799 | D:3      | Reached skill level 5 in Armour
  1957 | D:3      | Found a sparkling altar of Nemelex Xobeh.
  1959 | D:3      | Found a basalt altar of Yredelemnul.
  1959 | D:3      | Found a hazy altar of Hepliaklqana.
  1961 | D:3      | Found a sacrificial altar of Ru.
  1961 | D:3      | Found a shimmering altar of Xom.
  1961 | D:3      | Found a shimmering altar of Xom.
  2023 | D:4      | Noticed a dagger
  2024 | D:4      | Found a hide-covered altar of Uskayaw.
  2024 | D:4      | Noticed a hand axe
  2277 | D:4      | Reached skill level 4 in Axes
  2277 | D:4      | Reached XP level 6. HP: 52/52 MP: 5/5
  2646 | D:4      | You fall through a shaft for 2 floors!
  2665 | D:5      | Entered Level 5 of the Dungeon
  3060 | D:5      | Found a white marble altar of Elyvilon.
  3092 | D:5      | Found Soiliph's Book Shoppe.
  3135 | D:5      | Reached skill level 5 in Axes
  3225 | D:5      | Reached XP level 7. HP: 57/60 MP: 6/6
  3287 | D:5      | Found a staircase to the Ecumenical Temple.
  3376 | D:5      | Found a shimmering altar of Xom.
  3952 | D:6      | Reached skill level 6 in Axes
  4367 | D:7      | Reached XP level 8. HP: 39/67 MP: 7/7
  4492 | D:7      | Reached skill level 7 in Axes
  4685 | D:7      | Noticed Joseph
  4703 | D:7      | Killed Joseph
  4703 | D:7      | Reached skill level 5 in Fighting
  4941 | D:7      | Noticed Menkaure
  4950 | D:7      | Killed Menkaure
  5046 | D:7      | Reached skill level 1 in Stealth
  5144 | D:7      | Reached skill level 8 in Axes
  5529 | D:8      | Reached XP level 9. HP: 66/74 MP: 8/8
  5737 | D:8      | Noticed a two-headed ogre
  5812 | D:6      | Reached skill level 9 in Axes
  5812 | D:6      | Reached skill level 1 in Evocations
  6280 | D:6      | Reached skill level 10 in Axes
  7117 | D:3      | Noticed Natasha
  7119 | D:3      | Killed Natasha
  7541 | D:7      | Killed a two-headed ogre
  7541 | D:7      | Reached XP level 10. HP: 75/84 MP: 9/9
  7855 | D:8      | Learned a level 2 spell: Swiftness
  7887 | D:8      | Reached skill level 11 in Axes
  8230 | D:9      | Noticed a two-headed ogre
  8232 | D:9      | Noticed a two-headed ogre
  8267 | D:8      | Killed a two-headed ogre
  8368 | D:9      | Killed a two-headed ogre
  8368 | D:9      | Reached skill level 1 in Spellcasting
  8368 | D:9      | Reached skill level 1 in Charms
  9275 | D:9      | Found an iron altar of Okawaru.
  9611 | D:10     | Entered Level 10 of the Dungeon
  9611 | D:10     | Noticed Erolcha
  9732 | D:10     | Found a transporter.
  9733 | D:10     | Noticed a flayed ghost
  9733 | D:10     | Noticed a wolf spider
  9829 | D:10     | Noticed Jazqa's ghost (journeyman MiBe)
  9924 | D:11     | Noticed a red ugly thing
  9936 | D:11     | Killed a red ugly thing
  9975 | D:11     | Noticed a four-headed hydra
 10002 | D:11     | Killed a four-headed hydra
 10002 | D:11     | Reached skill level 12 in Axes
 10002 | D:11     | Reached skill level 1 in Polearms
 10002 | D:11     | Reached XP level 11. HP: 30/94 MP: 10/13
 10357 | D:11     | Noticed Nergalle
 10462 | D:10     | Cast into level 1 of the Abyss (Erolcha)
 10469 | Abyss:1  | Noticed a starcursed mass
 10593 | Abyss:1  | Noticed a sixfirhy
 10688 | Abyss:1  | HP: 4/94 [orange demon (8)]
 10692 | Abyss:1  | Noticed a large abomination
 10719 | Abyss:1  | Noticed a large abomination
 10740 | Abyss:1  | HP: 4/94 [poisoned by a ghost moth]
 10740 | Abyss:1  | Slain by a ghost moth

Skill      XL: |  1  2  3  4  5  6  7  8  9 10 11 |
---------------+----------------------------------+-----
Fighting       | 4 5 6 7 8 |  8.0
Shields        | 4 5 6 7 8 9 |  9.6
Armour         | 4 5 6 7 8 9 |  9.6
Axes           | 3 4 5 6 8 10 12 | 12.2
Dodging        | 1 2 4 |  4.5
Stealth        | 1 |  1.5
Evocations     | 1 |  1.2
Spellcasting   | 2 |  2.4
Charms         | 2 |  2.5
Polearms       | 1 |  1.4

Action                   |  1- 3 |  4- 6 |  7- 9 | 10-12 || total
-------------------------+-------+-------+-------+-------++-------
Melee: War axe           |    90 |   128 |   238 |   324 ||   780
       Headbutt          |    18 |    26 |    54 |    68 ||   166
       Trident           |       |       |       |    25 ||    25
Evoke: Wand              |       |     2 |     3 |     1 ||     6
  Use: Potion            |       |       |     1 |     5 ||     6
       Scroll            |       |       |       |    11 ||    11
  Eat: Chunk             |       |     7 |    11 |    11 ||    29
       Royal jelly       |       |       |     1 |       ||     1
       Fruit             |       |       |       |     3 ||     3
Armor: Scale mail        |    45 |    42 |    46 |       ||   133
       Plate armour      |       |       |    37 |   167 ||   204
Dodge: Dodged            |    31 |    56 |    77 |    52 ||   216
Block: Shield            |    66 |    66 |   125 |    79 ||   336
       Large shield      |       |       |       |   154 ||   154
